 Dungeon Crawl Stone Soup version 0.21.0-25-ge575cb9 (webtiles) character file.

66 troglodite the Charmwright (level 3, 0/29 HPs)
             Began as a Demigod Skald on Jan 24, 2018.
             Slain by a centaur (3 damage)
             ... on level 3 of the Dungeon.
             The game lasted 00:08:39 (2459 turns).

troglodite the Charmwright (Demigod Skald)          Turns: 2459, Time: 00:08:39

Health: 0/29       AC:  5    Str: 16    XL:     3   Next: 69%
Magic:  8/8        EV: 11    Int: 17    God:
Gold:   217        SH:  0    Dex: 15    Spells: 2/6 levels left

rFire    . . .     SeeInvis .   a - +0 falchion
rCold    . . .     Gourm    .   (no shield)
rNeg     . . .     Faith    .   j - +0 ring mail
rPois    .         Spirit   .   (no helmet)
rElec    .         Reflect  .   (no cloak)
rCorr    .         Harm     .   (no gloves)
MR       .....                  (no boots)
Stlth    +.........             (no amulet)
HPRegen  0.09/turn              (no ring)
MPRegen  0.11/turn              (no ring)

@: no status effects
A: high mp 1
a: no special abilities


You were on level 3 of the Dungeon.
You were not hungry.

You visited 1 branch of the dungeon, and saw 3 of its levels.

You collected 217 gold pieces.

Inventory:

Hand Weapons
 a - a +0 falchion (weapon)
Armour
 j - a +0 ring mail (worn)
 n - a +0 buckler
Scrolls
 e - a scroll of teleportation {unknown}
 g - a scroll of amnesia {unknown}
 i - 3 scrolls of identify {unknown}
 l - 2 scrolls of remove curse {unknown}
 m - a scroll of enchant armour {unknown}
 p - a scroll of enchant weapon {unknown}
Potions
 f - a potion of curing {unknown}
 h - a potion of cancellation {unknown}
 k - a potion of agility {unknown}
 o - a potion of lignification {unknown}
 q - a potion of degeneration {unknown}
Books
 c - a book of Battle

   Spells                             Type                      Level
   a - Infusion                       Charms                       1
   b - Shroud of Golubria             Charms/Translocation         2
   c - Song of Slaying                Charms                       2
   d - Spectral Weapon                Hexes/Charms                 3
   e - Regeneration                   Charms/Necromancy            3
Comestibles
 b - 2 chunks of flesh
 d - 4 rations


   Skills:
 * Level 1.9 Fighting
 + Level 2.0 Long Blades
 * Level 1.5 Armour
 * Level 2.2 Dodging
 * Level 0.8 Shields
 * Level 2.1 Spellcasting
 * Level 3.2 Charms


You had 2 spell levels left.
You knew the following spells:

 Your Spells              Type           Power        Failure   Level  Hunger
a - Infusion              Chrm           ##..         10%         1    #......
b - Spectral Weapon       Hex/Chrm       #.......     50%         3    ###....


Dungeon Overview and Level Annotations

Branches:
Dungeon (3/15)


Innate Abilities, Weirdness & Mutations

You have an increased reservoir of magic. (+10% MP)


Message History

The arrow closely misses you.
You see here an arrow.
The centaur shoots an arrow.
The arrow hits you.
The centaur shoots an arrow.
The arrow hits you.
You see here 2 arrows.
The centaur shoots an arrow.
The arrow closely misses you.
You see here an arrow.
The centaur shoots an arrow.
The arrow hits you.
The centaur shoots an arrow.
The arrow hits you.
You see here 2 arrows.
The centaur unwields an uncursed shortbow.
The centaur completely misses you. The centaur barely misses you.
You barely miss the centaur. The centaur hits you.
* * * LOW HITPOINT WARNING * * *
The centaur hits you but does no damage.
You closely miss the centaur. The centaur hits you.
* * * LOW HITPOINT WARNING * * *
The centaur hits you.
You die...

#.# #.# # #.# ..
###.# #.. K..##
#..##...######
#.............
#.. #c@.# #..
##.## ###..###(#
.......(#
##....#(# #
#....#(#
######### ..#.
#####....#)##
#.......# #....
#...........#####
#.#####.# ##...
#.###..###......#
#.# #.#


You could see a centaur and a kobold (wandering).

Vanquished Creatures
  An adder (D:3)
  3 oozes
  A dart slug (D:1)
  A leopard gecko (D:3)
  An orc (D:3)
  3 bats
  2 giant cockroaches
  3 goblins
  5 hobgoblins
  4 jackals
  2 kobolds
  7 frilled lizards
  9 rats
42 creatures vanquished.

Notes
Turn   | Place    | Note
-------+----------+-------------------------------------------
     0 | D:1      | troglodite the Demigod Skald began the quest for the Orb.
     0 | D:1      | Reached XP level 1. HP: 17/17 MP: 5/5
    61 | D:1      | Reached skill level 1 in Armour
    61 | D:1      | Reached skill level 3 in Charms
   332 | D:1      | Reached XP level 2. HP: 24/24 MP: 7/7
  1401 | D:2      | Found a deep blue altar of Sif Muna.
  1527 | D:2      | Reached XP level 3. HP: 27/29 MP: 8/8
  1854 | D:2      | Learned a level 3 spell: Spectral Weapon
  2152 | D:3      | Found a sparkling altar of Nemelex Xobeh.
  2452 | D:3      | Noticed a centaur
  2459 | D:3      | Slain by a centaur

Skill      XL: |  1  2  3 |
---------------+----------+-----
Armour         | 1 |  1.5
Charms         | 3 |  3.2
Dodging        | 2 |  2.2
Spellcasting   | 2 |  2.1
Long Blades    | 2 |  2.0
Fighting       | |  1.9
Shields        | |  0.8

Action                   || total
-------------------------++-------
Melee: Falchion          ||   127
  Eat: Chunk             ||     5
Armor: Leather armour    ||     9
       Ring mail         ||    33
Dodge: Dodged            ||    80
       Rpst.: Falchion   ||    24
